Map: Orbital Shipyard

Players

LilDicky

  • Race: Terran Terran
  • League: Diamond

Wrecktify - Winner!

  • Race: Terran Terran
  • League: Platinum

VOD

http://www.twitch.tv/tumescentpie

Description

Time

  • Played on: Nov. 27, 2015, 10:56 a.m.
  • Length: 3:08
Show
View Real Time Build Order
Export as new Build Order

LilDicky Terran 

Build Orders:  

Get SALT Encoding   

  12  0:02  SCV  
  13  0:14  SCV  
  13  0:19  Supply Depot  
  14  0:27  SCV  
  15  0:38  Refinery  
  15  0:41  SCV  
  16  0:44  Barracks  
  16  0:53  SCV  
  17  1:05  SCV  
  18  1:17  SCV  
  19  1:26  Barracks  
  19  1:28  Barracks  
  19  1:31  SCV  
  20  1:35  Reaper  
  20  1:38  Supply Depot  
  21  1:52  Refinery  
  21  1:55  Orbital Command  
  21  2:07  Reaper  
  22  2:20  Reaper  
  22  2:21  Supply Depot, Reaper  
  24  2:23  SCV  
  25  2:35  SCV  
  27  3:01  Supply Depot  
Show
View Real Time Build Order
Export as new Build Order

Wrecktify Terran - Winner!

Build Orders:  

Get SALT Encoding   

  12  0:01  SCV  
  13  0:15  Supply Depot  
  13  0:18  SCV  
  14  0:41  Barracks  
  14  0:55  SCV  
  15  0:57  Barracks  
  15  1:10  SCV  
  16  1:28  Marine  
  16  1:31  Barracks  
  17  1:45  Marine  
  17  1:46  Barracks, Marine  
  19  1:52  Supply Depot  
  19  1:54  Supply Depot  
  19  2:03  Marine  
  19  2:04  Marine  
  21  2:19  Marine  
  21  2:21  Marine  
  23  2:23  Marine  
  24  2:33  Marine  
  25  2:38  Marine  
  25  2:39  Marine  
  27  2:47  Marine  
Tags
 
Add a new tag
Caveats
  • Supply blocks, unpowered buildings, or Contaminate may cause inaccurate times.
  • Supply counts are checked every 10 seconds.